 Dungeon Crawl Stone Soup version 0.31-a0-152-g6aa68a64a1 (webtiles) character file.

Game seed: 2749341841276922688

1330 qw the Skirmisher (level 8, -2/70 HPs)
             Began as a Minotaur Hunter on June 9, 2023.
             Was a Follower of Okawaru.
             Slain by a lemure (3 damage)
             ... led by Pikel
             ... on level 6 of the Dungeon.
             The game lasted 00:02:27 (5116 turns).

qw the Skirmisher (Minotaur Hunter)                 Turns: 5116, Time: 00:02:28

Health: -2/70      AC: 14    Str: 15      XL:     8   Next: 34%
Magic:  8/10       EV: 14    Int:  9      God:    Okawaru [*.....]
Gold:   285        SH:  0    Dex: 16 (17) Spells: 7/7 levels left

rFire   + + .        Y - +0 orcbow
rCold   . . .        (shield currently unavailable)
rNeg    . . .        m - +2 ring mail {rF+}
rPois   .            a - +2 hat {Int+3}
rElec   .            (no cloak)
rCorr   .            (no gloves)
SInv    .            (no boots)
Will    .....        (no amulet)
Stlth   +++          e - +4 ring of protection
HPRegen 0.31/turn    h - ring of protection from fire
MPRegen 0.12/turn

%: no passive effects
@: heroic
A: horns 2, retaliatory headbutt, wild magic 1, evolution 1
a: Renounce Religion, Heroism


You were on level 6 of the Dungeon.
You worshipped Okawaru.
Okawaru was aware of your devotion.
You visited 1 branch of the dungeon, and saw 6 of its levels.

You collected 285 gold pieces.


Innate Abilities, Weirdness & Mutations

You have a pair of horns on your head.
You reflexively headbutt those who attack you in melee.
Your spells are a little harder to cast, but a little more powerful.
You have hidden genetic potential.


   Skills:
 - Level 6.0(11.0) Fighting
 + Level 9.2(14.2) Ranged Weapons
 - Level 2.0(7.0) Armour
 - Level 3.2(8.2) Dodging
 - Level 0.7(5.7) Stealth
 - Level 4.1 Invocations


You had 7 spell levels left.
You didn't know any spells.
Your spell library was empty.

Inventory:

Hand Weapons
 Y - a +0 orcbow (weapon)
Armour
 a - a +2 hat of intelligence (worn)
 c - the +3 leather armour of Hocwelev {rF+}
   (You found it on level 6 of the Dungeon)

   rF:        It protects you from fire.
 m - a +2 ring mail of fire resistance (worn)
Jewellery
 e - a +4 ring of protection (left hand)
 h - a ring of protection from fire (right hand)
 i - a +6 ring of strength
 o - a ring of fire
Scrolls
 g - a scroll of identify
Potions
 j - a potion of haste {unknown}
 k - a potion of magic {unknown}
 l - a potion of mutation
 n - a potion of curing {unknown}

Dungeon Overview and Level Annotations

Branches:
Dungeon (6/15)             Temple (0/1) D:5

Altars:
Gozag
Hepliaklqana
Kikubaaqudgha
Makhleb
Okawaru
Qazlal
Sif Muna
Trog
Vehumet
Xom
Zin

Annotations:
D:5 3 runed translucent doors, qw's ghost, novice MiHu
D:6 Pikel


Message History

The lemure hits you! Pikel misses you. The lemure hits you but does no damage.
The lemure misses you.
Pikel hits you with a +2 whip of electrocution.
The lemure barely misses you. The lemure hits you.
Pikel hits you but does no damage.
The lemure hits you but does no damage. x2
Pikel misses you. The lemure barely misses you.
The lemure hits you but does no damage.
Pikel zaps a wand.
You resist with some effort. The lemure hits you. x2
Pikel completely misses you. The lemure barely misses you.
The lemure closely misses you. Pikel misses you.
The lemure hits you but does no damage. The lemure hits you.
You feel like a meek peon again.
Pikel hits you with a +2 whip of electrocution.
You are electrocuted!!
The ogre closely misses you. The lemure barely misses you.
The lemure closely misses you.
5112 ||| DRINKING potion of heal wounds.
You feel much better.
You feel less confused. Pikel closely misses you. You furiously retaliate!
You headbutt Pikel! The lemure hits you but does no damage.
The lemure closely misses you. The ogre barely misses you.
5113 ||| INVOKING Heroism.
You gain the combat prowess of a mighty hero.
Pikel hits you with a +2 whip of electrocution.
The lemure closely misses you. You furiously retaliate!
You headbutt the lemure. The lemure hits you but does no damage.
You shoot an arrow. The arrow hits Pikel.
Pikel is severely wounded.
Pikel hits you with a +2 whip of electrocution.
The ogre hits you with a +0 giant club! The lemure completely misses you.
The lemure closely misses you.
You shoot an arrow.
The arrow hits Pikel but does no damage.
Pikel is severely wounded.
Pikel closely misses you.
The lemure hits you but does no damage. x2
You shoot an arrow. The arrow hits Pikel.
Pikel is severely wounded.
The ogre misses you. Pikel hits you but does no damage.
You are electrocuted!
The lemure hits you but does no damage. The lemure hits you.
You die...

#..................#####
#......#...............##
#......####.............#
####.#.# #..............#
# ##.#.# #..............#
# #..#.# #..............#
###.##.# #####..........#
.....#.# #..O.........
.....#.# ##@5........#
.....#.# #5K.......##
........ 55?......
....#.... #.........
....####.. #.........
...## . .......... ....
.......... .##..
$..........


You could see Pikel, an ogre and 4 lemures.

Vanquished Creatures
  A black bear (D:5)
  An ogre (D:5)
  2 ice beasts (D:5)
  2 phantoms (D:5)
  Blork the orc (D:5)
  A scorpion (D:5)
  A howler monkey (D:6)
  A crimson imp (D:3)
  3 hounds
  An orc priest (D:5)
  2 iguanas
  A sleepcap (D:5)
  7 orc wizards
  Natasha (D:2)
  Robin (D:3)
  4 gnolls
  4 adders
  A shadow imp (D:6)
  2 worms (D:2)
  7 dart slugs
  16 orcs
  6 endoplasms
  6 giant cockroaches
  17 goblins
  9 hobgoblins
  10 jackals
  6 kobolds
  4 quokkas
  4 ball pythons
  4 bats
  3 frilled lizards
  5 rats
134 creatures vanquished.

Notes
Turn   | Place    | Note
-------+----------+-------------------------------------------
     0 | D:1      | qw the Minotaur Hunter began the quest for the Orb.
     0 | D:1      | Reached XP level 1. HP: 18/18 MP: 0/0
     0 | D:1      | 0 ||| qw: Version: 0.2-a-122-gbc61b45
     0 | D:1      | 0 ||| qw: Game counter: 3275
     0 | D:1      | 0 ||| qw: Always use a shield: true
     0 | D:1      | 0 ||| qw: God list: Okawaru
     0 | D:1      | 0 ||| qw: Allow faded altars: false
     0 | D:1      | 0 ||| qw: Do Orc after D:15 true
     0 | D:1      | 0 ||| qw: Do second Lair branch before Depths: true
     0 | D:1      | 0 ||| qw: Lair rune preference: random
     0 | D:1      | 0 ||| qw: Plans: Normal
     0 | D:1      | 0 ||| PLANNING D:1-11
   100 | D:1      | Reached skill level 5 in Ranged Weapons
   100 | D:1      | Reached XP level 2. HP: 22/25 MP: 1/1
   134 | D:1      | You fall into a shaft and drop 1 floor!
   149 | D:2      | 149 ||| READING scroll labelled ROUVUO VYECI.
   150 | D:2      | 150 ||| READING scroll labelled BOYMOO VAKAFITUCK.
   251 | D:2      | 251 ||| DROPPING scroll of butterflies.
   257 | D:2      | 257 ||| FLEEEEING.
   258 | D:2      | 258 ||| STAIRDANCE
   458 | D:1      | Reached skill level 3 in Fighting
   602 | D:1      | Reached XP level 3. HP: 31/31 MP: 2/2
   814 | D:1      | 814 ||| UPGRADING to +4 ring of protection.
   815 | D:1      | 815 ||| UPGRADING to ring of protection from fire.
   816 | D:1      | 816 ||| READING scroll labelled JEUKKID RICILA.
   817 | D:1      | 817 ||| READING scroll labelled FARCHOA MACZE.
   818 | D:1      | 818 ||| READING scroll labelled ENEMPO HUITYPE.
   819 | D:1      | 819 ||| READING scroll labelled OPRAENNENITEQ.
   821 | D:1      | 821 ||| Stepping ~*~*~tactically~*~*~ (cloud).
  1270 | D:2      | Found an opulent altar of Gozag.
  1560 | D:2      | Noticed Natasha
  1566 | D:2      | Killed Natasha
  1567 | D:2      | Reached skill level 6 in Ranged Weapons
  1567 | D:2      | Reached XP level 4. HP: 38/38 MP: 3/3
  1771 | D:2      | 1771 ||| READING scroll labelled MUCOHA QULLELU.
  1772 | D:2      | 1772 ||| READING scroll labelled HUOMUXZ JEUPLOSA.
  1773 | D:2      | 1773 ||| READING scroll labelled ATSOAMPIEBB.
  1853 | D:3      | Found an iron altar of Okawaru.
  1854 | D:3      | 1854 ||| PLANNING OKAWARU WORSHIP
  1854 | D:3      | 1854 ||| UPGRADING to +2 hat of intelligence.
  1876 | D:3      | Became a worshipper of Warmaster Okawaru
  1876 | D:3      | 1876 ||| PLANNING D:1-11
  1914 | D:3      | Reached XP level 5. HP: 46/46 MP: 4/4
  2004 | D:3      | 2004 ||| DROPPING scarf of invisibility.
  2040 | D:3      | 2040 ||| SWAPPING to +0 orcbow.
  2041 | D:3      | 2041 ||| DROPPING +0 shortbow.
  2107 | D:3      | Found a stormy altar of Qazlal.
  2179 | D:3      | Found a shimmering blue altar of Sif Muna.
  2188 | D:3      | Found an ancient bone altar of Kikubaaqudgha.
  2221 | D:3      | Found a radiant altar of Vehumet.
  2222 | D:3      | 2222 ||| Stepping ~*~*~tactically~*~*~ (outnumbered).
  2227 | D:3      | Reached skill level 7 in Ranged Weapons
  2277 | D:3      | Found a glowing silver altar of Zin.
  2291 | D:3      | Noticed Robin
  2304 | D:3      | Reached XP level 6. HP: 37/52 MP: 5/5
  2318 | D:3      | Killed Robin
  2744 | D:3      | 2744 ||| DROPPING +6 ring of intelligence.
  2745 | D:3      | 2745 ||| READING scroll labelled CENYWY WAERGH.
  2760 | D:3      | 2760 ||| FLEEEEING.
  2905 | D:3      | Found a shimmering altar of Xom.
  2911 | D:3      | Found a burning altar of Makhleb.
  2954 | D:3      | Found a faded altar of an unknown god.
  3252 | D:4      | Found a bloodstained altar of Trog.
  3271 | D:4      | Reached * piety under Okawaru
  3272 | D:4      | Reached skill level 8 in Ranged Weapons
  3673 | D:4      | 3673 ||| DRINKING 2 murky coppery potions.
  3674 | D:4      | 3674 ||| READING 2 scrolls of identify.
  3674 | D:4      | 3674 ||| IDENTIFYING red potion
  3675 | D:4      | 3675 ||| DROPPING potion of degeneration.
  3696 | D:5      | Entered Level 5 of the Dungeon
  3699 | D:5      | 3699 ||| STAIRDANCE
  3776 | D:5      | 3776 ||| INVOKING Heroism.
  3788 | D:5      | Reached skill level 1 in Invocations
  3788 | D:5      | Reached XP level 7. HP: 31/61 MP: 3/6
  3904 | D:5      | 3904 ||| INVOKING Heroism.
  4035 | D:5      | Reached skill level 3 in Invocations
  4036 | D:5      | 4036 ||| FLEEEEING.
  4038 | D:5      | 4038 ||| FLEEEEING.
  4039 | D:5      | 4039 ||| FLEEEEING.
  4040 | D:5      | 4040 ||| FLEEEEING.
  4041 | D:5      | 4041 ||| FLEEEEING.
  4042 | D:5      | 4042 ||| FLEEEEING.
  4043 | D:5      | 4043 ||| FLEEEEING.
  4044 | D:5      | 4044 ||| FLEEEEING.
  4045 | D:5      | 4045 ||| FLEEEEING.
  4046 | D:5      | 4046 ||| FLEEEEING.
  4047 | D:5      | 4047 ||| FLEEEEING.
  4048 | D:5      | 4048 ||| FLEEEEING.
  4049 | D:5      | 4049 ||| FLEEEEING.
  4050 | D:5      | 4050 ||| FLEEEEING.
  4051 | D:5      | 4051 ||| FLEEEEING.
  4053 | D:5      | 4053 ||| FLEEEEING.
  4054 | D:5      | 4054 ||| FLEEEEING.
  4056 | D:5      | 4056 ||| FLEEEEING.
  4057 | D:5      | 4057 ||| FLEEEEING.
  4058 | D:5      | 4058 ||| FLEEEEING.
  4059 | D:5      | 4059 ||| FLEEEEING.
  4060 | D:5      | 4060 ||| FLEEEEING.
  4061 | D:5      | 4061 ||| FLEEEEING.
  4062 | D:5      | 4062 ||| FLEEEEING.
  4063 | D:5      | 4063 ||| FLEEEEING.
  4064 | D:5      | 4064 ||| FLEEEEING.
  4065 | D:5      | 4065 ||| FLEEEEING.
  4066 | D:5      | 4066 ||| FLEEEEING.
  4067 | D:5      | 4067 ||| FLEEEEING.
  4167 | D:5      | Found a runed translucent gate.
  4168 | D:5      | Found a runed translucent gate.
  4168 | D:5      | Found a runed translucent gate.
  4185 | D:5      | 4185 ||| INVOKING Heroism.
  4195 | D:5      | Reached skill level 3 in Dodging
  4200 | D:5      | Reached XP level 8. HP: 68/68 MP: 7/10
  4237 | D:5      | Found a staircase to the Ecumenical Temple.
  4456 | D:5      | Noticed Blork the orc
  4457 | D:5      | 4457 ||| INVOKING Heroism.
  4460 | D:5      | Killed Blork the orc
  4461 | D:5      | Reached skill level 9 in Ranged Weapons
  4483 | D:5      | 4483 ||| Stepping ~*~*~tactically~*~*~ (outnumbered).
  4592 | D:5      | Noticed qw's ghost (novice MiHu)
  4616 | D:5      | Found a hazy altar of Hepliaklqana.
  4926 | D:5      | 4926 ||| UPGRADING to +2 ring mail of fire resistance.
  4936 | D:5      | 4936 ||| DROPPING +0 leather armour.
  4937 | D:5      | 4937 ||| READING scroll labelled KEFRUO ZOLAI.
  4986 | D:5      | 4986 ||| DRINKING 2 fuming grey potions.
  4987 | D:5      | 4987 ||| DRINKING 2 lumpy blue potions.
  4987 | D:5      | Gained mutation: Your spells are a little harder to cast,
                  | but a little more powerful. [potion of mutation]
  4987 | D:5      | Gained mutation: You have hidden genetic potential. [potion
                  | of mutation]
  4988 | D:5      | 4988 ||| READING 2 scrolls of identify.
  4988 | D:5      | 4988 ||| IDENTIFYING bubbling amethyst potion
  4989 | D:5      | 4989 ||| DROPPING potion of ambrosia.
  4990 | D:5      | 4990 ||| DROPPING potion of attraction.
  5049 | D:6      | Identified the +3 leather armour of Hocwelev {rF+}
  5084 | D:6      | Noticed Pikel
  5085 | D:6      | 5085 ||| INVOKING Heroism.
  5097 | D:6      | Reached skill level 6 in Fighting
  5111 | D:6      | HP: 16/70 [Pikel/+2 whip of electrocution (18)]
  5112 | D:6      | 5112 ||| DRINKING potion of heal wounds.
  5113 | D:6      | 5113 ||| INVOKING Heroism.
  5116 | D:6      | HP: 1/70 [Pikel/+2 whip of electrocution (15)]
  5116 | D:6      | Slain by a lemure

Levels and vault maps discovered:
D:1:      eino_arrival_druids_welcome, layout_loops_ring, minmay_misc_feat_doors
D:2:      layout_basic, basic_altar, uniq_natasha
D:3:      layout_basic, grunt_temple_overflow_champion_of_chaos,
          palyth_temple_overflow_mages, mainiacjoe_overflow_24_doors,
          overflow_temple_1_default, okawaru_trees_2,
          dreamdust_ecumenical_altar_grove, minmay_puff, uniq_robin
D:4:      layout_cave_pods, trog_antimagical
D:5:      layout_basic, lemuel_doored_altar, minmay_temple_entry_crystal_x,
          gammafunk_ghost_icy, uniq_blork_the_orc
D:6:      layout_rooms, mainiacjoe_overflow_six_doors_small,
          nicolae_uskayaw_dance_studio, chequers_serial_rivers_micro_c,
          uniq_pikel, uniq_duvessa

Skill      XL: |  1  2  3  4  5  6  7  8 |
---------------+-------------------------+-----
Ranged Weapons | 5 6 7 8 9 |  9.2
Fighting       | 3 4 5 6 |  6.0
Invocations    | 1 4 |  4.1
Armour         | 2 |  2.0
Dodging        | 3 |  3.2
Stealth        | |  0.7

Action                     |  1- 3 |  4- 6 |  7- 9 || total
---------------------------+-------+-------+-------++-------
   Fire: Shortbow          |   125 |    44 |       ||   169
         Orcbow            |       |   135 |   181 ||   316
 Invoke: Heroism           |       |     1 |     5 ||     6
    Use: Scroll            |     6 |     5 |     2 ||    13
         Potion            |       |     1 |     3 ||     4
 Armour: Leather armour    |     7 |    47 |    45 ||    99
         Ring mail         |       |       |    21 ||    21
  Dodge: Dodged            |    20 |    59 |    66 ||   145

Table legend:
 A = Non-vault XP
 B = Vault XP
 C = Vault XP percentage of total XP
 D = Non-vault monster count
 E = Vault monster count
 F = Vault count percentage of total count
                 A         B        C        D         E       F
            +---------+---------+-------+---------+---------+-------
      Total |    1510 |     391 |  20.6 |     111 |      23 |  17.2
            +---------+---------+-------+---------+---------+-------
        D:1 |      48 |       0 |   0.0 |      24 |       0 |   0.0
        D:2 |      40 |      33 |  45.2 |      18 |       1 |   5.3
        D:3 |     119 |     249 |  67.7 |      21 |      18 |  46.2
        D:4 |     106 |      18 |  14.5 |      13 |       3 |  18.8
        D:5 |    1086 |      91 |   7.7 |      31 |       1 |   3.1
        D:6 |     111 |       0 |   0.0 |       4 |       0 |   0.0
            +---------+---------+-------+---------+---------+-------
